 Dungeon Crawl Stone Soup version 0.30-a0-374-g95c0257040 (webtiles) character file.

Game seed: 2255424054730634428

334 Bnni the Poker (level 6, -1/51 HPs)
             Began as a Formicid Fighter on Nov 25, 2022.
             Slain by a water moccasin (7 damage)
             ... on level 3 of the Dungeon.
             The game lasted 00:04:37 (2481 turns).

Bnni the Poker (Formicid Fighter)                   Turns: 2481, Time: 00:04:37

Health: -1/51      AC:  8    Str: 23    XL:     6   Next: 83%
Magic:  6/6        EV:  9    Int:  7    God:
Gold:   134        SH:  5    Dex: 13    Spells: 5/5 levels left

rFire   . . .      SeeInvis +    a - +0 trident
rCold   + . .      Faith    +    c - +0 buckler
rNeg    . . .      Spirit   .    b - +0 scale mail
rPois   .          Reflect  .    (helmet unavailable)
rElec   .          Harm     .    (no cloak)
rCorr   .          Rampage  .    (no gloves)
Will    .....                    r - +0 pair of boots
Stlth   ..........               s - amulet of faith
HPRegen 0.28/turn                q - ring of protection from cold
MPRegen 0.10/turn                (no ring)

@: mighty, lethally poisoned (-1 -> -7), weak-willed
A: permanent stasis, dig shafts and tunnels, antennae 3, four strong arms
a: Dig, Shaft Self


You were on level 3 of the Dungeon.
You visited 1 branch of the dungeon, and saw 4 of its levels.

You collected 134 gold pieces.

Inventory:

Hand Weapons
 a - a +0 trident (weapon)
Missiles
 g - 3 poisoned darts (quivered)
 w - 6 javelins
Armour
 b - a +0 scale mail (worn)
 c - a +0 buckler (worn)
 r - a +0 pair of boots (worn)
Jewellery
 q - a ring of protection from cold (left hand)
 s - an amulet of faith (around neck)
Scrolls
 e - 4 scrolls of vulnerability
 i - 2 scrolls of magic mapping {unknown}
 l - a scroll of amnesia {unknown}
 n - a scroll of blinking {unknown}
 o - a scroll of immolation {unknown}
 p - a scroll of enchant weapon {unknown}
 t - a scroll of enchant armour {unknown}
Potions
 d - a potion of might
 f - a potion of mutation {unknown}
 h - a potion of cancellation
 j - a potion of magic
 k - a potion of brilliance
 m - 3 potions of attraction
 u - a potion of lignification {unknown}
 v - a potion of ambrosia {unknown}


   Skills:
 + Level 5.0 Fighting
 * Level 5.2 Polearms
 - Level 3.2 Armour
 - Level 5.0 Shields


You had 5 spell levels left.
You didn't know any spells.
Your spell library contained the following spells:

 Spells                   Type           Power      Damage    Failure   Level
 Magic Dart               Conj           0%         1d3       80%         1
 Call Imp                 Summ           0%         N/A       91%         2
 Momentum Strike          Conj/Tloc      0%         3d8       91%         2
 Ignite Poison            Fire/Tmut/Pois 0%         N/A       99%         3
 Lesser Beckoning         Tloc           0%         N/A       99%         3
 Mephitic Cloud           Conj/Pois/Air  0%         N/A       99%         3
 Sticky Flame             Conj/Fire      0%         2d3       100%        4
 Ignition                 Fire           0%         3d3       100%        8
 Blink                    Tloc           Unusable   N/A       N/A         2

Dungeon Overview and Level Annotations

Branches:
Dungeon (4/15)
 Temple: D:4-7

Altars:
Xom


Innate Abilities, Weirdness & Mutations

You cannot be hasted, slowed, berserked, paralysed or teleported.
You can dig through walls and to a lower floor.
You have a pair of large antennae on your head. (SInv)
Your four strong arms can wield two-handed weapons with a shield.


Message History

You block the water moccasin's attack.
You hit the kobold.
You kill the kobold!
The water moccasin bites you.
You are poisoned.
The water moccasin poisons you!
You feel very sick.
The water moccasin bites you but does no damage.
The water moccasin bites you.
You are more poisoned.
The water moccasin poisons you!
Things that are here:
a +0 whip; a stone You closely miss the water moccasin.
The water moccasin is lightly wounded.
You feel extremely sick. You block the water moccasin's attack.
You miss the water moccasin.
The water moccasin is lightly wounded.
* * * LOW HITPOINT WARNING * * *
You feel very sick. The water moccasin bites you.
* * * LOW HITPOINT WARNING * * *
The water moccasin bites you but does no damage.
Okay, then.
You feel very mighty all of a sudden.
* * * LOW HITPOINT WARNING * * *
You feel very sick. The water moccasin barely misses you.
You barely miss the water moccasin.
The water moccasin is lightly wounded.
* * * LOW HITPOINT WARNING * * *
You feel sick. The water moccasin barely misses you.
Unknown command.
You closely miss the water moccasin.
The water moccasin is lightly wounded.
* * * LOW HITPOINT WARNING * * *
You feel very sick. The water moccasin bites you!
You die...

#.#......#######.#
#..........
#.....#..#.......#
#..........
###.#.#..#.#######
#########'# ###.#.####.#
#....# #.# #...#....#.#
#....# #.# #.######.#.#
#.<..# #.. #..........#
#....# ### ...##......#
######## #....#####
##.#....##.# #..@>#.#
#....'.... #.#.....#.#
#.##S#.# #....#####
#...###.#.###>##...####...)#
##....#.#.#...##...#..+....#
#.##.#.#.#.####.###.##....#
######.#...#...##.#
#.##....#
"♣.♣##.#####......#
#.......#
♣.♣.#......#.#....#
####.####
.♣..##............# #.#


You could see a water moccasin.

Vanquished Creatures
  Grinder (D:3)
  A hound (D:4)
  3 adders
  3 dart slugs
  3 orcs (D:4)
  7 ball pythons
  10 bats
  11 endoplasms
  3 giant cockroaches
  11 goblins
  5 hobgoblins
  2 jackals (D:2)
  2 quokkas (D:2)
  2 frilled lizards
  4 kobolds
  8 rats
76 creatures vanquished.

Notes
Turn   | Place    | Note
-------+----------+-------------------------------------------
     0 | D:1      | Bnni the Formicid Fighter began the quest for the Orb.
     0 | D:1      | Reached XP level 1. HP: 18/18 MP: 1/1
   120 | D:1      | Reached XP level 2. HP: 24/24 MP: 2/2
   232 | D:1      | Reached XP level 3. HP: 26/29 MP: 3/3
   471 | D:1      | Found a faded altar of an unknown god.
   997 | D:2      | Reached XP level 4. HP: 27/37 MP: 4/4
  1820 | D:3      | Found a shimmering altar of Xom.
  1865 | D:3      | Noticed Grinder
  1876 | D:3      | Killed Grinder
  1877 | D:3      | Reached skill level 5 in Polearms
  1877 | D:3      | Reached skill level 5 in Shields
  1877 | D:3      | Reached XP level 5. HP: 31/43 MP: 5/5
  1877 | D:3      | Reached XP level 6. HP: 36/50 MP: 6/6
  2449 | D:4      | Reached skill level 5 in Fighting
  2465 | D:4      | Noticed a water moccasin
  2481 | D:3      | Slain by a water moccasin

Illustrated notes

Levels and vault maps discovered:
D:1:      mrwooster_arrival_statue_2, layout_basic,
          hellmonk_ecumenical_altar_slurped_away, minivault_5,
          minmay_hexomino_u4
D:2:      layout_basic
D:3:      layout_basic, xom_butterflies, chequers_arboretum, uniq_grinder
D:4:      layout_basic, minmay_temple_entry_arrows, minmay_fractal_squares_5,
          uniq_edmund

Skill      XL: |  1  2  3  4  5  6 |
---------------+-------------------+-----
Polearms       | 3 5 |  5.2
Fighting       | 4 5 |  5.0
Shields        | 5 |  5.0
Armour         | |  3.2

Action                   |  1- 3 |  4- 6 || total
-------------------------+-------+-------++-------
Melee: Trident           |    95 |   122 ||   217
 Abil: Dig               |     1 |       ||     1
  Use: Scroll            |     4 |     1 ||     5
       Potion            |       |     1 ||     1
Armor: Scale mail        |    34 |    40 ||    74
Dodge: Dodged            |    40 |    38 ||    78
Block: Buckler           |    18 |    23 ||    41

Table legend: (Time is in decaauts)
 A = Elapsed time spent in this place.
 B = Non-inter-level travel time spent in this place.
 C = Inter-level travel time spent in this place.
 D = Time resting spent in this place.
 E = Time spent auto-exploring this place.
 F = Levels seen in this place.
 G = Mean time per level.
                   A        B        C        D        E       F      G
               +--------+--------+--------+--------+--------+-----+--------+
         Total |   2516 |   2463 |     53 |      0 |   1968 |   4 |  629.0 |
       Dungeon |   2516 |   2463 |     53 |      0 |   1968 |   4 |  629.0 |
               +--------+--------+--------+--------+--------+-----+--------+

Top non-repeatable levels by time:
     D:1: 909 daAuts
     D:2: 809 daAuts
     D:3: 768 daAuts
     D:4: 29 daAuts
